 Dungeon Crawl Stone Soup version 0.32-a0-290-g598725c5f2 (webtiles) character file.

Game seed: 11326059981220225620

342 kae the Changeling (level 6, -6/43 HPs)
             Began as a Demonspawn Shapeshifter on Feb 13, 2024.
             Was an Initiate of Qazlal.
             Mangled by a centaur
             ... wielding a +0 battleaxe
              (8 damage)
             ... on level 4 of the Dungeon.
             The game lasted 00:01:36 (2874 turns).

kae the Changeling (Demonspawn Shapeshifter)        Turns: 2874, Time: 00:01:37

Health: -6/43      AC:  4    Str: 14    XL:     6   Next: 30%
Magic:  6/6        EV: 12    Int: 10    God:    Qazlal [......]
Gold:   138        SH:  0    Dex: 15    Spells: 5/5 levels left

rFire   . .          .
                       - Unarmed
rCold   . . .        (no shield)
rNeg    . . .        a - +0 animal skin
rPois   .            (helmet currently unavailable)
rElec   .            (cloak currently unavailable)
rCorr   .            (gloves currently unavailable)
SInv    .            (boots currently unavailable)
Will    .....        (no amulet)
Stlth   +            (no ring)
HPRegen 0.27/turn    (no ring)
MPRegen 0.10/turn

%: no passive effects
@: beast-form
A: beast (slay +2), yellow scales 1, demonic magic 1, demonic touch 1
a: Begin Untransformation, Renounce Religion


You were on level 4 of the Dungeon.
You worshipped Qazlal.
Qazlal was noncommittal.
You were a hulking beast.
You visited 1 branch of the dungeon, and saw 4 of its levels.

You collected 138 gold pieces.


Innate Abilities, Weirdness & Mutations

You are a hulking beast.
Your limbs bulge with bestial killing power. (Slay +2)
You are partially covered in yellow scales. (AC +2)
Spells you cast may paralyse adjacent enemies.
Your touch may inflict minor irresistible damage on your foes.


   Skills:
 - Level 1.0 Fighting
 - Level 1.7 Dodging
 + Level 4.3 Unarmed Combat
 * Level 5.2 Shapeshifting


You had 5 spell levels left.
You didn't know any spells.
Your spell library contained the following spells:

 Spells                   Type           Power      Damage    Failure   Level
 Kiss of Death            Conj/Necr      0%         2d5       36%         1
 Ensorcelled Hibernation  Hex/Ice        0%         N/A       50%         2
 Mercury Vapours          Alch/Air       0%         N/A       50%         2
 Confusing Touch          Hex            0%         N/A       75%         3
 Frozen Ramparts          Ice            0%         1d1       75%         3
 Fugue of the Fallen      Necr           0%         N/A       75%         3
 Mephitic Cloud           Conj/Alch/Air  0%         N/A       75%         3
 Ozocubu's Armour         Ice            0%         N/A       75%         3
 Passwall                 Erth           0%         N/A       75%         3
 Swiftness                Air            0%         N/A       75%         3
 Dispel Undead            Necr           0%         3d6       98%         4
 Leda's Liquefaction      Alch/Erth      0%         N/A       98%         4
 Manifold Assault         Tloc           0%         N/A       98%         4
 Petrify                  Alch/Erth      0%         N/A       98%         4
 Alistair's Intoxication  Alch           0%         N/A       100%        5
 Borgnjor's Vile Clutch   Necr/Erth      0%         N/A       100%        5
 Freezing Cloud           Conj/Ice/Air   0%         6-21      100%        5
 Metabolic Englaciation   Hex/Ice        0%         N/A       100%        5
 Eringya's Noxious Bog    Alch           0%         4d6       100%        6

Inventory:

Missiles
 e - 29 stones (quivered)
 j - 5 silver javelins
Armour
 a - a +0 animal skin (worn)
Talismans
 c - a beast talisman (active)
 d - a flux talisman
Scrolls
 f - a scroll of silence {unknown}
 g - a scroll of teleportation {@r4}
 h - a scroll of butterflies {unknown}
 i - a scroll of poison {unknown}
Potions
 b - a potion of lignification {!q}
 k - a potion of resistance

Dungeon Overview and Level Annotations

Branches:
Dungeon (4/15) Zot: 21132
 Temple: D:4-7

Altars:
Cheibriados
Fedhas
Okawaru
Qazlal
Uskayaw
Yredelemnul

Annotations:
D:4 Dowan, Duvessa

..#..## ......##..........#
......### ......................
........##.....c.........#####..#
..........# ............## #.#
.........# #..###....... ..
........# #.# #......#..
.......## ##.###.....###.
........####.†.##.#..##
.........#...#..h...#...
.....#......##.c...#.....
....###....####....# ..## ....#
#.....# #....# ##.
....###...##..#....# ß.
....##...## #......# . ....##..##
#...... .......## ...##...
......## .#


You could see a centaur.


Message History

😕 HP[-2]
You take 2 damage, and now have 35/37 hp.
A goblin is nearby!
You miss the goblin. Your punch misses the goblin.
The goblin hits you with a +0 dagger.
You closely miss the goblin. The goblin closely misses you. 😕 HP[-2]
You take 2 damage, and now have 33/37 hp.
A goblin is nearby!
A goblin is nearby!
You hit the goblin.
You kill the goblin!
Qazlal accepts your kill.
No target in view!
No target in view!
No target in view!
You now have 138 gold pieces (gained 12).
You see here a +0 dagger.
A scorpion comes into view. 😎 HP[+4]
Your hp is fully restored (37).
A scorpion is nearby!
A scorpion is nearby!
The scorpion stings you.
You are poisoned.
The scorpion poisons you!
You barely miss the scorpion.
You touch the scorpion!
You feel sick.
The scorpion barely misses you. 😕 HP[-3]
You take 3 damage, and now have 34/37 hp.
A scorpion is nearby!
You hit the scorpion but do no damage.
You touch the scorpion!
You kill the scorpion!
Qazlal accepts your kill.
You feel sick.
Your Shapeshifting skill increases to level 5!
You have reached level 6!
Your demonic ancestry asserts itself...
Yellow scales grow over part of your body. 😕 HP[+5] MP[+1]
You now have 43 max hp (+6).
You regained 5 hp, and now have 39/43 hp.
Your mp is fully restored (6).
You feel sick.
You feel sick.
You feel sick.
You feel sick.
You feel sick.
You are no longer poisoned.
An endoplasm comes into view. 😎 HP[+4]
Your hp is fully restored (43).
An endoplasm is nearby!
Unknown command.
An endoplasm is nearby!
An endoplasm is nearby!
An endoplasm is nearby!
You punch the endoplasm!
You kill the endoplasm!
Qazlal accepts your kill.
Key pressed, stopping explore.
No target in view!
No target in view!
An iguana and a centaur come into view.
The iguana hisses angrily.
You hit the iguana.
You touch the iguana!
You punch the iguana.
The centaur unwields a +0 battleaxe.
The centaur wields a +0 orcbow.
The centaur shoots an arrow.
The arrow hits you!
The iguana bites you but does no damage.
You hit the iguana.
You kill the iguana!
Qazlal accepts your kill.
The centaur shoots an arrow.
The arrow hits you! 😮 HP[-20]
You take 20 damage, and now have 23/43 hp.
MASSIVE DAMAGE!! (PAUSE)
The centaur shoots an arrow.
The arrow closely misses you.
You see here an iguana corpse. 😮 HP[+1]
The centaur shoots an arrow.
The arrow hits you.
The centaur shoots an arrow.
The arrow hits you.
* * * LOW HITPOINT WARNING * * *
😨 HP[-3]
You take 3 damage, and now have 21/43 hp.
The centaur unwields a +0 orcbow.
The centaur wields a +0 battleaxe.
The centaur hits you with a +0 battleaxe!
* * * LOW HITPOINT WARNING * * *
The centaur barely misses you. 😱 HP[-11]
You take 11 damage, and now have 10/43 hp.
MASSIVE DAMAGE!! (PAUSE)
You hit the centaur.
You touch the centaur!
You punch the centaur.
The centaur hits you with a +0 battleaxe!
* * * LOW HITPOINT WARNING * * *
The centaur kicks you but does no damage. 😱 HP[-8]
You take 8 damage, and now have 2/43 hp.
You hit the centaur.
The centaur hits you with a +0 battleaxe!
You die...

Skill      XL: |  1  2  3  4  5 |
---------------+----------------+-----
Shapeshifting  | 3 4 5 |  5.2
Unarmed Combat | 3 4 |  4.3
Fighting       | |  1.0
Dodging        | |  1.7

Action                     |  1- 3 |  4- 6 || total
---------------------------+-------+-------++-------
  Melee: Unarmed           |    49 |    73 ||   122
         Touch             |    10 |    12 ||    22
         Punch             |     1 |     3 ||     4
    Use: Scroll            |       |     4 ||     4
         Potion            |       |     1 ||     1
   Stab: Sleeping          |     3 |     1 ||     4
 Armour: Animal skin       |    20 |    39 ||    59
         Skin              |       |     4 ||     4
  Dodge: Dodged            |    33 |    25 ||    58

Levels and vault maps discovered:
D:1:      dpeg_arrival_rooms_a, layout_loops_ring,
          shapermc_ecumenical_altar_totnotflames
D:2:      layout_loops_ring
D:3:      layout_loops_ring, gammafunk_temple_overflow_claw, minitemple,
          grunt_ministairs_7
D:4:      layout_layer_cave, gammafunk_ghost_arena, uniq_duvessa

Notes
Turn   | Place    | Note
-------+----------+-------------------------------------------
     0 | D:1      | kae the Demonspawn Shapeshifter began the quest for the
                  | Orb.
     0 | D:1      | Reached XP level 1. HP: 15/15 MP: 1/1
     0 | D:1      | magus.rc [v1.11.3]
    19 | D:1      | You pick up a book of Burglary and begin reading...
    19 | D:1      | You add the spells Ensorcelled Hibernation, Swiftness and
                  | Passwall to your library.
    49 | D:1      | You pick up a book of Vapours and begin reading...
    49 | D:1      | You add the spells Mercury Vapours, Mephitic Cloud and
                  | Freezing Cloud to your library.
   194 | D:1      | Found a faded altar of an unknown god.
   197 | D:1      | Reached skill level 3 in Shapeshifting
   199 | D:1      | Gained mutation: Your touch may inflict minor irresistible
                  | damage on your foes. [demonic ancestry]
   199 | D:1      | Reached XP level 2. HP: 21/21 MP: 2/2
   282 | D:1      | Reached skill level 3 in Unarmed Combat
   617 | D:1      | Gained mutation: Spells you cast may paralyse adjacent
                  | enemies. [demonic ancestry]
   617 | D:1      | Reached XP level 3. HP: 10/26 MP: 3/3
  1070 | D:2      | You add the spells Alistair's Intoxication, Borgnjor's Vile
                  | Clutch and Eringya's Noxious Bog to your library.
  1152 | D:2      | You pick up a book of Sloth and begin reading...
  1152 | D:2      | You add the spells Frozen Ramparts, Leda's Liquefaction,
                  | Petrify and Metabolic Englaciation to your library.
  1399 | D:3      | Found a hide-covered altar of Uskayaw.
  1399 | D:3      | Found a basalt altar of Yredelemnul.
  1399 | D:3      | Found an iron altar of Okawaru.
  1444 | D:3      | Reached XP level 4. HP: 31/32 MP: 4/4
  1594 | D:3      | Reached skill level 4 in Shapeshifting
  1706 | D:3      | Noticed an ice beast
  1718 | D:3      | Killed an ice beast
  1719 | D:3      | Reached XP level 5. HP: 23/37 MP: 5/5
  1863 | D:3      | Found a stormy altar of Qazlal.
  1865 | D:3      | Found a snail-covered altar of Cheibriados.
  1867 | D:3      | Found a blossoming altar of Fedhas.
  1973 | D:3      | You pick up a book of Touch and begin reading...
  1973 | D:3      | You add the spells Kiss of Death, Confusing Touch and
                  | Dispel Undead to your library.
  2011 | D:3      | Became a worshipper of Qazlal Stormbringer
  2099 | D:3      | Reached skill level 4 in Unarmed Combat
  2492 | D:4      | Noticed Duvessa
  2492 | D:4      | Noticed Dowan
  2525 | D:4      | You pick up a book of Battle and begin reading...
  2525 | D:4      | You add the spells Fugue of the Fallen, Ozocubu's Armour
                  | and Manifold Assault to your library.
  2792 | D:4      | Reached skill level 5 in Shapeshifting
  2792 | D:4      | Gained mutation: You are partially covered in yellow
                  | scales. (AC +2) [demonic ancestry]
  2792 | D:4      | Reached XP level 6. HP: 39/43 MP: 6/6
  2872 | D:4      | HP: 10/43 [centaur/+0 battleaxe (11)]
  2873 | D:4      | HP: 2/43 [centaur/+0 battleaxe (8)]
  2874 | D:4      | Mangled by a centaur

Vanquished Creatures
  An ice beast (D:3)
  A scorpion (D:4)
  A bombardier beetle (D:3)
  An iguana (D:4)
  A gnoll (D:1)
  An adder (D:2)
  A ribbon worm (D:3)
  A dart slug (D:3)
  7 orcs (D:3)
  6 bats
  4 endoplasms
  3 giant cockroaches
  4 goblins
  7 hobgoblins
  2 jackals (D:3)
  7 ball pythons
  2 frilled lizards
  4 kobolds
  5 rats
59 creatures vanquished.

Table legend:
 A = Non-vault XP
 B = Vault XP
 C = Vault XP percentage of total XP
 D = Non-vault monster count
 E = Vault monster count
 F = Vault count percentage of total count
                 A         B        C        D         E       F
            +---------+---------+-------+---------+---------+-------
      Total |     485 |       4 |   0.8 |      57 |       2 |   3.4
            +---------+---------+-------+---------+---------+-------
        D:1 |      54 |       0 |   0.0 |      15 |       0 |   0.0
        D:2 |      38 |       0 |   0.0 |      10 |       0 |   0.0
        D:3 |     257 |       4 |   1.5 |      25 |       2 |   7.4
        D:4 |     136 |       0 |   0.0 |       7 |       0 |   0.0
            +---------+---------+-------+---------+---------+-------

Skill      XL: |  1  2  3  4  5 |
---------------+----------------+-----
Shapeshifting  | 3 4 5 |  5.2
Unarmed Combat | 3 4 |  4.3
Fighting       | |  1.0
Dodging        | |  1.7

Action                     |  1- 3 |  4- 6 || total
---------------------------+-------+-------++-------
  Melee: Unarmed           |    49 |    73 ||   122
         Touch             |    10 |    12 ||    22
         Punch             |     1 |     3 ||     4
    Use: Scroll            |       |     4 ||     4
         Potion            |       |     1 ||     1
   Stab: Sleeping          |     3 |     1 ||     4
 Armour: Animal skin       |    20 |    39 ||    59
         Skin              |       |     4 ||     4
  Dodge: Dodged            |    33 |    25 ||    58

Illustrated notes

Table legend:
 A = Kills in this place as a percentage of kills in the entire game.
 B = Kills by you in this place as a percentage of kills by you in the entire game.
 C = Kills by friends in this place as a percentage of kills by friends in the entire game.
 D = Other kills in this place as a percentage of other kills in the entire game.
 E = Experience gained in this place as a percentage of experience gained in the entire game.
 F = Experience gained in this place divided by the number of levels of this place that you have seen.
                   A       B       C       D       E      F
               +-------+-------+-------+-------+-------+----------------------
         Total | 100.0 | 100.0 |   N/A |   N/A | 100.0 | 122.2
       Dungeon | 100.0 | 100.0 |   N/A |   N/A | 100.0 | 122.2
               +-------+-------+-------+-------+-------+----------------------

Table legend: (Time is in decaauts)
 A = Elapsed time spent in this place.
 B = Non-inter-level travel time spent in this place.
 C = Inter-level travel time spent in this place.
 D = Time resting spent in this place.
 E = Time spent auto-exploring this place.
 F = Levels seen in this place.
 G = Mean time per level.
                   A        B        C        D        E       F      G
               +--------+--------+--------+--------+--------+-----+--------+
         Total |   2866 |   2729 |    137 |     23 |   2370 |   4 |  716.5 |
       Dungeon |   2866 |   2729 |    137 |     23 |   2370 |   4 |  716.5 |
               +--------+--------+--------+--------+--------+-----+--------+

Top non-repeatable levels by time:
     D:3: 1138 daAuts
     D:1: 709 daAuts
     D:2: 646 daAuts
     D:4: 371 daAuts
